 Dungeon Crawl Stone Soup version 0.30-a0-643-g638baaf3f0 (console) character file.

Game seed: 4900615546594901501

34 Ignak the Ogre Mage (level 3, -1/33 HPs)
             Began as an Ogre Hedge Wizard on Jan 16, 2023.
             Succumbed to a kobold's poison
             ... on level 2 of the Dungeon.
             The game lasted 00:02:46 (1245 turns).

Ignak the Ogre Mage (Ogre Hedge Wizard)             Turns: 1245, Time: 00:02:47

Health: -1/33      AC:  3    Str: 16    XL:     3   Next: 31%
Magic:  4/8        EV:  9    Int: 15    God:
Gold:   86         SH:  0    Dex:  8    Spells: 4/9 levels left

rFire   . . .      SeeInvis .    i - +0 hand axe
rCold   . . .      Faith    .    (no shield)
rNeg    . . .      Spirit   .    b - +0 robe
rPois   .          Reflect  .    c - +0 hat
rElec   .          Harm     .    (no cloak)
rCorr   .          Rampage  .    (gloves unavailable)
Will    .....                    (boots unavailable)
Stlth   +                        (no amulet)
HPRegen 0.25/turn                (no ring)
MPRegen 0.11/turn                (no ring)

@: lethally poisoned (-1 -> -17), on blink cooldown, very slightly contaminated
A: large, unfitting armour, tough skin 1
a: no special abilities


You were on level 2 of the Dungeon.
You visited 1 branch of the dungeon, and saw 2 of its levels.

You collected 86 gold pieces.

Inventory:

Hand Weapons
 i - a +0 hand axe (weapon)
 k - a +1 whip
Missiles
 a - a throwing net
 j - 6 poisoned darts (quivered)
Armour
 b - a +0 robe (worn)
 c - a +0 hat (worn)
Scrolls
 f - a scroll of enchant weapon
Potions
 d - a potion of magic
 e - a potion of might {unknown}
 g - a potion of haste {unknown}
 h - 2 potions of flight {unknown}
 l - a potion of cancellation {unknown}
 m - a potion of ambrosia {unknown}


   Skills:
 + Level 1.2 Fighting
 * Level 0.0 Axes
 + Level 0.6 Armour
 + Level 2.0 Dodging
 - Level 1.4 Stealth
 + Level 0.7 Unarmed Combat
 + Level 3.8 Spellcasting
 + Level 1.2 Conjurations
 - Level 0.8 Summonings
 + Level 1.4 Translocations


You had 4 spell levels left.
You knew the following spells:

 Your Spells              Type           Power      Damage    Failure   Level
a - Magic Dart            Conj           24%        1d4       12%         1
b - Blink                 Tloc           14%        N/A       16%         2
e - Call Imp              Summ           5%         N/A       21%         2

Your spell library contained the following spells:

 Spells                   Type           Power      Damage    Failure   Level
 Slow                     Hex            8%         N/A       19%         1
 Cigotuvi's Dreadful Rot  Necr/Pois/Air  4%         N/A       28%         2
 Mephitic Cloud           Conj/Pois/Air  4%         N/A       43%         3


Dungeon Overview and Level Annotations

Branches:
Dungeon (2/15)

Altars:
Xom


Innate Abilities, Weirdness & Mutations

You are too large for most types of armour.
You have tough skin. (AC +1)


Message History

The ball python bites you. x2
You hit the ball python but do no damage.
You punch the ball python.
You kill the ball python!
The kobold throws a stone.
The stone hits you. The kobold barely misses you.
You see here a giant cockroach corpse.
You closely miss the kobold.
The kobold hits you with a +2 whip of venom.
You closely miss the kobold. The kobold barely misses you.
The kobold hits you with a +2 whip of venom.
You are poisoned.
You miss the kobold.
You feel very sick.
The kobold hits you with a +2 whip of venom.
You are lethally poisoned!
You closely miss the kobold.
You feel very sick. The kobold closely misses you.
You hit the kobold but do no damage.
* * * LOW HITPOINT WARNING * * *
You feel very sick.
The kobold hits you with a +2 whip of venom.
* * * LOW HITPOINT WARNING * * *
You are more poisoned.
Press: ? - help, v - describe, . - travel
Here: a kobold, wielding a +2 whip of venom and quivering stones The floor.
Casting: Call Imp (safe; 21% risk of failure)
Confirm with . or Enter, or press ? or * to list all spells.
You miscast Blink.
You are very lightly contaminated with residual magic.
Nothing appears to happen.
* * * LOW HITPOINT WARNING * * *
You feel very sick. The kobold barely misses you.
Casting: Blink (safe; 16% risk of failure)
Confirm with . or Enter, or press ? or * to list all spells.
You blink.
Found a dagger and a potion of magic.
You die...

...#...# #....P..
♣.P♣### #.### #.......
..#...###§##### #.......
........K.......#.......
................#....<..
................######..
................# #.....
................# #.....
###.#@........# #.....
#.#.###.....# #....# #.#
. #....# ..# #...)# ...
#....# .... #..... .)..
#..... !..... .......
#.......


You could see a kobold.

Vanquished Creatures
  A dart slug (D:1)
  3 ball pythons
  2 bats (D:1)
  3 giant cockroaches
  A hobgoblin (D:1)
  2 quokkas (D:1)
  4 frilled lizards
  6 kobolds
  4 rats
26 creatures vanquished.

Vanquished Creatures (collateral kills)
  A giant cockroach (D:1)
  A hobgoblin (D:1)
  2 bats (D:1)
4 creatures vanquished.

Vanquished Creatures (others)
  A fungus (D:1)
  2 plants (D:2)
3 creatures vanquished.

Grand Total: 33 creatures vanquished

Notes
Turn   | Place    | Note
-------+----------+-------------------------------------------
     0 | D:1      | Ignak the Ogre Hedge Wizard began the quest for the Orb.
     0 | D:1      | Reached XP level 1. HP: 16/16 MP: 5/5
    89 | D:1      | Reached skill level 1 in Translocations
   174 | D:1      | Reached skill level 1 in Conjurations
   201 | D:1      | Reached XP level 2. HP: 26/26 MP: 2/6
   221 | D:1      | Learned a level 2 spell: Blink
   262 | D:1      | Learned a level 2 spell: Call Imp
   877 | D:1      | Reached XP level 3. HP: 27/32 MP: 5/8
   916 | D:1      | Reached skill level 1 in Fighting
  1008 | D:1      | Found a faded altar of an unknown god.
  1099 | D:2      | Found a shimmering altar of Xom.
  1245 | D:2      | Succumbed to a kobold's poison

Illustrated notes

Levels and vault maps discovered:
D:1:      dpeg_arrival_prison, layout_basic,
          shapermc_ecumenical_altar_mp_vishouse
D:2:      layout_basic, basic_altar, serial_bayou, serial_bayou_pond_a,
          serial_bayou_crossing, serial_bayou_pond_a, serial_bayou_pond_c

Skill      XL: |  1  2  3 |
---------------+----------+-----
Translocations | 1 |  1.4
Conjurations   | 1 |  1.2
Fighting       | 1 |  1.2
Dodging        | 2 |  2.0
Armour         | |  0.6
Stealth        | |  1.4
Unarmed Combat | |  0.7
Spellcasting   | |  3.8
Summonings     | |  0.8

Action                   || total
-------------------------++-------
Melee: Dagger            ||    49
       Whip              ||    57
       Hand axe          ||    11
       Punch             ||     3
 Cast: Magic Dart        ||    13
       Call Imp          ||     4
       Blink             ||     1
  Use: Scroll            ||     3
 Stab: Sleeping          ||     1
Armor: Robe              ||    60
Dodge: Dodged            ||    86

Table legend: (Time is in decaauts)
 A = Elapsed time spent in this place.
 B = Non-inter-level travel time spent in this place.
 C = Inter-level travel time spent in this place.
 D = Time resting spent in this place.
 E = Time spent auto-exploring this place.
 F = Levels seen in this place.
 G = Mean time per level.
                   A        B        C        D        E       F      G
               +--------+--------+--------+--------+--------+-----+--------+
         Total |   1252 |   1196 |     56 |     79 |    726 |   2 |  626.0 |
       Dungeon |   1252 |   1196 |     56 |     79 |    726 |   2 |  626.0 |
               +--------+--------+--------+--------+--------+-----+--------+

Top non-repeatable levels by time:
     D:1: 1094 daAuts
     D:2: 158 daAuts
